 Dungeon Crawl Stone Soup version 0.24.0-13-gcf9b3192b9 (webtiles) character file.

Game seed: 10162252146425028209, levelgen mode: classic

16 EnegeticOcto the Digger (level 2, -1/14 HPs)
             Began as a Vine Stalker Earth Elementalist on Nov 9, 2019.
             Slain by a rat (2 damage)
             ... on level 1 of the Dungeon.
             The game lasted 00:01:33 (254 turns).

EnegeticOcto the Digger (VSEE)                       Turns: 254, Time: 00:01:33

Health: -1/14      AC:  2    Str: 10    XL:     2   Next: 58%
Magic:  0/6        EV: 12    Int: 15    God:
Gold:   116        SH:  0    Dex: 14    Spells: 2/5 levels left

rFire    . . .     SeeInvis .     - Unarmed
rCold    . . .     Gourm    .   (no shield)
rNeg     . . .     Faith    .   c - +0 robe
rPois    .         Spirit   +   (no helmet)
rElec    .         Reflect  .   (no cloak)
rCorr    .         Harm     .   (no gloves)
MR       .....                  (no boots)
Stlth    ++........             (no amulet)
HPRegen  0.04/turn              (no ring)
MPRegen  0.10/turn              (no ring)

@: no status effects
A: fangs 2, magic shield, antimagic bite, no potion heal 3, rot immunity
a: no special abilities


You were on level 1 of the Dungeon.
You were not hungry.

You visited 1 branch of the dungeon, and saw 1 of its levels.

You collected 116 gold pieces.

Inventory:

Missiles
 a - 26 arrows
 b - 23 stones (quivered)
Armour
 c - a +0 robe (worn)
Scrolls
 d - a scroll of identify {unknown}
 f - a scroll of enchant weapon {unknown}
 g - a scroll of fog {unknown}
 h - a scroll of blinking {unknown}
 i - a scroll of noise {unknown}
Potions
 j - a potion of mutation {unknown}
Comestibles
 e - a ration


   Skills:
 + Level 1.2 Fighting
 - Level 1.5 Dodging
 - Level 2.4 Stealth
 + Level 1.4 Unarmed Combat
 - Level 2.1 Spellcasting
 - Level 1.0 Transmutations
 - Level 3.0 Earth Magic


You had 2 spell levels left.
You knew the following spells:

 Your Spells              Type           Power        Failure   Level  Hunger
a - Sandblast             Erth           ##....       6%          1    #......
p - Passwall              Tmut/Erth      #.......     14%         2    ###....

Your spell library contained the following spells:

 Spells                   Type           Power        Failure   Level  Hunger
 Stone Arrow              Conj/Erth      #.....       34%         3    ###....
 Petrify                  Tmut/Erth      #.......     67%         4    #####..
 Lee's Rapid Deconstruct  Erth           ##........   87%         5    ######.


Dungeon Overview and Level Annotations

Branches:
Dungeon (1/15)

Altars:


Innate Abilities, Weirdness & Mutations

You have extremely sharp teeth.
When hurt, damage is shared between your health and your magic reserves.
Your bite disrupts and absorbs the magic of your enemies.
Potions cannot restore your health.
You are immune to rotting.


Message History

h - a scroll labeled JYNUME NIODI
Found 56 gold pieces.
The hobgoblin shouts!
The hobgoblin hits you.
* * * LOW HITPOINT WARNING * * *
Casting: Sandblast (safe; 6% risk of failure)
Confirm with . or Enter, or press ? or * to list all spells.
Aiming: Sandblast (safe; 6% risk of failure)
Press: ? - help, Shift-Dir - straight line, f - hobgoblin
Aim: a hobgoblin The blast of sand hits the hobgoblin!
You kill the hobgoblin!
b - 25 stones You see here a hobgoblin corpse.
You hit the toadstool but do no damage.
You bite the toadstool, but do no damage.
You hit the toadstool but do no damage. You bite the toadstool.
You destroy the toadstool!
Found a scroll labeled MOSIZAV QIHIXT.
You now have 51 gold pieces (gained 10).
You now have 59 gold pieces (gained 8).
You now have 63 gold pieces (gained 4).
You now have 74 gold pieces (gained 11).
You now have 78 gold pieces (gained 4).
You now have 85 gold pieces (gained 7).
You now have 98 gold pieces (gained 13).
You now have 106 gold pieces (gained 8).
You now have 116 gold pieces (gained 10).
You hit the fungus. You bite the fungus, but do no damage.
The fungus is lightly damaged.
You hit the fungus. You bite the fungus. You drain its power.
The fungus is moderately damaged.
Found a fuming grey potion.
There is a stone staircase leading down here.
i - a scroll labeled MOSIZAV QIHIXT
j - a fuming grey potion A frilled lizard comes into view.
A rat, a kobold and a dart slug come into view.
Found a stone staircase leading down.
A nearby toadstool withers and dies.
e - a ration (in hand)
You swing at nothing.
You swing at nothing.
You swing at nothing.
You swing at nothing.
You swing at nothing.
You are now empty-handed.
The dart slug closely misses you.
You hit the dart slug.
The dart slug is moderately wounded.
You hit the dart slug.
You bite the dart slug, but do no damage.
The dart slug is heavily wounded.
The dart slug barely misses you.
You hit the dart slug but do no damage. You bite the dart slug.
You drain its power.
The dart slug is severely wounded.
The dart slug barely misses you.
You hit the dart slug. You bite the dart slug. You drain its power.
The dart slug is almost dead.
You hit the dart slug.
You kill the dart slug!
You see here a dart slug corpse.
The frilled lizard hisses angrily.
The kobold shouts!
The rat barely misses you.
You hear a shout! x2
You hit the rat but do no damage.
A kobold comes into view. It is wielding a +0 whip.
The rat bites you.
A bat comes into view.
Casting: Sandblast (safe; 6% risk of failure)
Confirm with . or Enter, or press ? or * to list all spells.
Aiming: Sandblast (safe; 6% risk of failure)
Press: ? - help, Shift-Dir - straight line, f - kobold
Aim: a kobold, wielding a +0 short sword The blast of sand hits the kobold.
The kobold is severely wounded.
b - 24 stones The kobold hits you with a cursed +0 short sword.
* * * LOW HITPOINT WARNING * * *
A kobold comes into view. It is wielding a +0 whip.
Casting: Sandblast (safe; 6% risk of failure)
Confirm with . or Enter, or press ? or * to list all spells.
Aiming: Sandblast (safe; 6% risk of failure)
Press: ? - help, Shift-Dir - straight line, f/p - kobold
Aim: a kobold, wielding a +0 short sword (severely wounded)
The blast of sand hits the kobold.
You kill the kobold!
b - 23 stones The bat hits you.
You miss the bat. You bite the bat.
You kill the bat!
You see here a dart slug corpse.
The frilled lizard bites you but does no damage.
You hit the frilled lizard.
You kill the frilled lizard!
You hit the rat. Your bite misses the rat.
The rat is heavily wounded.
The rat bites you.
You die...

.##.# #..###### #.........
.##.###.......####......#.
.................)....#...
...##............###### #
##............##K########
#####..........K.......#.
#†.....>..............
##.PPPPP..##r#########
#.....P..##@##
#.P...P..##..#
#.P...P......#
##PP.P.#.♣♣..#
#######.♣♣..# #....##
######


You could see 2 kobolds and a rat.

Vanquished Creatures
  2 dart slugs (D:1)
  A ball python (D:1)
  A bat (D:1)
  A giant cockroach (D:1)
  A hobgoblin (D:1)
  2 frilled lizards (D:1)
  2 goblins (D:1)
  A kobold (D:1)
  2 rats (D:1)
  A toadstool (D:1)
14 creatures vanquished.

Vanquished Creatures (others)
  3 toadstools (D:1)
3 creatures vanquished.

Grand Total: 17 creatures vanquished

Notes
Turn   | Place    | Note
-------+----------+-------------------------------------------
     0 | D:1      | EnegeticOcto the Vine Stalker Earth Elementalist began the
                  | quest for the Orb.
     0 | D:1      | Reached XP level 1. HP: 9/9 MP: 4/4
   100 | D:1      | Reached skill level 1 in Unarmed Combat
   100 | D:1      | Reached XP level 2. HP: 6/14 MP: 4/6
   120 | D:1      | Reached skill level 1 in Fighting
   124 | D:1      | Learned a level 2 spell: Passwall
   254 | D:1      | Slain by a rat

Levels and vault maps discovered:
D:1:      psy_arrival_dodecagon, layout_rooms, chequers_mini_garden,
          minmay_gold_behind_fungi

Skill      XL: |  1  2 |
---------------+-------+-----
Unarmed Combat | 1 |  1.4
Fighting       | 1 |  1.2
Dodging        | |  1.5
Stealth        | |  2.4
Spellcasting   | |  2.1
Transmutations | |  1.0
Earth Magic    | |  3.0

Action                   || total
-------------------------++-------
Melee: Unarmed           ||    41
       Bite              ||    11
 Cast: Sandblast         ||     7
Armor: Robe              ||     6
Dodge: Dodged            ||    23
